 Dungeon Crawl Stone Soup version 0.28.0 (webtiles) character file.

Game seed: 564932840929608010

79 GrayStillPlays the Skirmisher (level 4, 36/36 HPs)
             Began as a Demonspawn Fighter on Feb 15, 2022.
             Quit the game on level 2 of the Dungeon.
             The game lasted 00:02:33 (2017 turns).

GrayStillPlays the Skirmisher (Demonspawn Fighter)  Turns: 2017, Time: 00:02:34

Health: 36/36      AC:  8    Str: 19    XL:     4   Next: 17%
Magic:  4/4        EV:  9    Int:  9    God:
Gold:   74         SH:  4    Dex: 12    Spells: 3/3 levels left

rFire   . . .      SeeInvis .   a - +0 war axe {axe}
rCold   . . .      Faith    .   c - +0 buckler
rNeg    . . .      Spirit   .   b - +0 scale mail
rPois   .          Reflect  .   (no helmet)
rElec   .          Harm     .   h - +0 cloak
rCorr   .          Rampage  .   (no gloves)
Will    .....                   (no boots)
Stlth   ..........              (no amulet)
HPRegen 0.12/turn               (no ring)
MPRegen 0.09/turn               (no ring)

@: no status effects
A: hooves 1, demonic touch 1
a: no special abilities


You were on level 2 of the Dungeon.
You visited 1 branch of the dungeon, and saw 2 of its levels.

You collected 74 gold pieces.


Innate Abilities, Weirdness & Mutations

You have large cloven feet.
Your touch may inflict minor irresistible damage on your foes.


   Skills:
 + Level 3.6 Fighting
 + Level 2.5 Axes
 + Level 3.2 Armour
 + Level 3.2 Shields


You had 3 spell levels left.
You didn't know any spells.
Your spell library was empty.

Inventory:

Hand Weapons
 a - a +0 war axe (weapon) {axe}
 p - a +2 dagger of electrocution {short}
   (You found it on level 2 of the Dungeon)
Missiles
 f - 61 stones (quivered) {throwing}
 g - 19 sling bullets
 q - 19 bolts
Armour
 b - a +0 scale mail (worn)
 c - a +0 buckler (worn)
 h - a +0 cloak (worn)
   (You found it on level 1 of the Dungeon)
Scrolls
 e - a scroll of blinking {unknown}
 i - 2 scrolls of identify {unknown}
 o - 2 scrolls of teleportation {unknown}
Potions
 d - a potion of might
 j - a potion of berserk rage {unknown}
 k - a potion of degeneration {unknown}
 l - a potion of heal wounds {unknown}
 m - 3 potions of curing {unknown}
 n - a potion of lignification {unknown}

Dungeon Overview and Level Annotations

Branches:
Dungeon (2/15)

Altars:

Shops:
D:1

( ###..# #.##. ##...#############
####.##. #.....##.........#
#....... ##...###.#######.#
#.##.... ##.#.##.##### #.#
##.###### #.###.......# #.#
##...## ##.#.##.###.# #.#
##.....# ##..###.###.###.#
#......# ##...###........@##
##.....# #.....######......#
##...## ..[....## ##.###.# #.#.##
#
........####...##.#######....####
........+.......................'
........####...##.#######....####
.......## ##.###.# #.#.## #
#.....## #####.## #.### ##...##
#...# #.#


There were no monsters in sight!


Message History

The ball python hisses angrily.
You block the ball python's attack. The ball python closely misses you.
You closely miss the ball python.
The ball python bites you but does no damage.
The ball python barely misses you. The ball python bites you.
You block the ball python's attack. 😕 HP[-3]
You take 3 damage, and now have 33/36 hp.
You slash the ball python!
You kill the ball python!
No target in view!
No target in view!
Key pressed, stopping explore.
Key pressed, stopping explore.
A frilled lizard comes into view. 😎 HP[+3]
Your hp is fully restored (36).
A frilled lizard is nearby!
A frilled lizard is nearby!
A frilled lizard is nearby!
You block the frilled lizard's attack.
You closely miss the frilled lizard. Your kick misses the frilled lizard.
You block the frilled lizard's attack.
You hit the frilled lizard but do no damage.
Your kick misses the frilled lizard.
The frilled lizard bites you but does no damage.
You miss the frilled lizard. You kick the frilled lizard.
You kill the frilled lizard!
No target in view!
No target in view!
A ball python comes into view.
The ball python hisses angrily.
A ball python is nearby!
A ball python is nearby!
A ball python is nearby!
A ball python is nearby!
You hit the ball python. You kick the ball python.
The ball python closely misses you. The ball python grabs you.
The ball python constricts you.
The ball python bites you but does no damage.
The ball python constricts you.
You hit the ball python.
You kill the ball python!
No target in view!
No target in view!
No target in view!
You now have 54 gold pieces (gained 4).
You open the door.
An endoplasm comes into view.
The endoplasm quivers.
An endoplasm is nearby!
An endoplasm is nearby!
An endoplasm is nearby!
An endoplasm is nearby!
There is an open door here.
The endoplasm misses you.
You slash the endoplasm!
You kill the endoplasm!
No target in view!
No target in view!
q - 19 bolts You now have 68 gold pieces (gained 14).
You open the door.
There is an open door here.
Found a stone staircase leading up.
There is a stone staircase leading up here.
A frilled lizard comes into view.
A frilled lizard is nearby!
A frilled lizard is nearby!
A frilled lizard is nearby!
A frilled lizard is nearby!
Things that are here:
a scroll labelled FIEHIU YLIUGAOCW; 6 gold pieces You block the frilled lizard's attack.
You hit the frilled lizard. Your kick misses the frilled lizard.
The frilled lizard closely misses you. You block the frilled lizard's attack.
You closely miss the frilled lizard. You kick the frilled lizard.
You kill the frilled lizard!
No target in view!
No target in view!
o - 2 scrolls labelled FIEHIU YLIUGAOCW (gained 1)
You now have 74 gold pieces (gained 6).
Key pressed, stopping explore.
Key pressed, stopping explore.
There is an open door here.
Key pressed, stopping explore.
You open the door.
There is an open door here.
Key pressed, stopping explore.
Done exploring.
Done exploring.
Done exploring.
Done exploring.
Done exploring.
No target in view!
No target in view!
No target in view!
Done exploring.
Are you sure you want to abandon this character and quit the game? (Confirm with "yes".)

Skill      XL: |  1  2 |
---------------+-------+-----
Axes           | 2 |  2.5
Armour         | 3 |  3.2
Shields        | 3 |  3.2
Fighting       | |  3.6

Action                   |  1- 3 |  4- 6 || total
-------------------------+-------+-------++-------
Melee: War axe           |   100 |    15 ||   115
       Kick              |    17 |     3 ||    20
Armor: Scale mail        |    63 |     5 ||    68
Dodge: Dodged            |    42 |     6 ||    48
Block: Buckler           |    24 |     7 ||    31

Levels and vault maps discovered:
D:1:      dpeg_arrival_pits, layout_basic, serial_shops,
          nicolae_shop_bloodbath_and_beyond, st_stairs_12,
          roderic_serpentine_path
D:2:      layout_loops_corners

Notes
Turn   | Place    | Note
-------+----------+-------------------------------------------
     0 | D:1      | GrayStillPlays the Demonspawn Fighter began the quest for
                  | the Orb.
     0 | D:1      | Reached XP level 1. HP: 18/18 MP: 1/1
     0 | D:1      | magus.rc [v1.9.6]
   216 | D:1      | Reached skill level 2 in Axes
   224 | D:1      | You feel monstrous as your demonic heritage exerts itself.
   224 | D:1      | Discovered your monstrous ancestry.
   224 | D:1      | Gained mutation: You have large cloven feet. [demonic
                  | ancestry]
   224 | D:1      | Reached XP level 2. HP: 22/24 MP: 2/2
   284 | D:1      | Found Wuess's Weapon Shoppe.
   659 | D:1      | Reached skill level 3 in Armour
   798 | D:2      | Reached skill level 3 in Shields
   945 | D:2      | Reached XP level 3. HP: 29/29 MP: 3/3
  1585 | D:2      | Gained mutation: Your touch may inflict minor irresistible
                  | damage on your foes. [demonic ancestry]
  1585 | D:2      | Reached XP level 4. HP: 28/35 MP: 4/4
  2017 | D:2      | Quit the game

Vanquished Creatures
  2 adders (D:2)
  3 worms (D:2)
  2 dart slugs (D:2)
  7 ball pythons
  3 bats (D:1)
  6 endoplasms
  2 giant cockroaches
  3 goblins
  A hobgoblin (D:1)
  3 jackals (D:2)
  A kobold (D:1)
  3 quokkas (D:1)
  5 frilled lizards
  4 rats
45 creatures vanquished.

Table legend:
 A = Non-vault XP
 B = Vault XP
 C = Vault XP percentage of total XP
 D = Non-vault monster count
 E = Vault monster count
 F = Vault count percentage of total count
                 A         B        C        D         E       F
            +---------+---------+-------+---------+---------+-------
      Total |     113 |       1 |   0.9 |      44 |       1 |   2.2
            +---------+---------+-------+---------+---------+-------
        D:1 |      33 |       1 |   2.9 |      18 |       1 |   5.3
        D:2 |      80 |       0 |   0.0 |      26 |       0 |   0.0
            +---------+---------+-------+---------+---------+-------

Illustrated notes

Table legend:
 A = Kills in this place as a percentage of kills in entire the game.
 B = Kills by you in this place as a percentage of kills by you in the entire game.
 C = Kills by friends in this place as a percentage of kills by friends in the entire game.
 D = Other kills in this place as a percentage of other kills in the entire game.
 E = Experience gained in this place as a percentage of experience gained in the entire game.
 F = Experience gained in this place divided by the number of levels of this place that you have seen.
                   A       B       C       D       E      F
               +-------+-------+-------+-------+-------+----------------------
         Total | 100.0 | 100.0 |   N/A |   N/A | 100.0 |  57.0
       Dungeon | 100.0 | 100.0 |   N/A |   N/A | 100.0 |  57.0
               +-------+-------+-------+-------+-------+----------------------

Table legend: (Time is in decaauts)
 A = Elapsed time spent in this place.
 B = Non-inter-level travel time spent in this place.
 C = Inter-level travel time spent in this place.
 D = Time resting spent in this place.
 E = Time spent auto-exploring this place.
 F = Levels seen in this place.
 G = Mean time per level.
                   A        B        C        D        E       F      G
               +--------+--------+--------+--------+--------+-----+--------+
         Total |   2066 |   2023 |     43 |      0 |   1713 |   2 | 1033.0 |
       Dungeon |   2066 |   2023 |     43 |      0 |   1713 |   2 | 1033.0 |
               +--------+--------+--------+--------+--------+-----+--------+

Top non-repeatable levels by time:
     D:2: 1277 daAuts
     D:1: 788 daAuts
